 Dungeon Crawl Stone Soup version 0.15-a0-348-gfef1ba5 (webtiles) character file.

706 4tharraofdagon the Skirmisher (level 7, -4/48 HPs)
             Began as a Halfling Wanderer on May 2, 2014.
             Slain by an ogre
             ... wielding a +0,+0 giant spiked club
              (8 damage)
             ... on Level 6 of the Dungeon.
             The game lasted 00:11:31 (1733 turns).

4tharraofdagon the Skirmisher (Halfling Wanderer)   Turns: 1733, Time: 00:11:31

HP  -4/48        AC 13     Str 10      XL: 7   Next: 49%
MP   9/9         EV  6     Int 13      God:
Gold 174         SH  0     Dex 16      Spells:  1 memorised,  5 levels left

rFire  . . .     SeeInvis .     a - +4,+2 crossbow
rCold  . . .     Clarity  .     r - +2 chain mail
rNeg   . . .     Conserve .     (no shield)
rPois  .         rCorr    .     (no helmet)
rElec  .         rRot     .     (no cloak)
SustAb . .       Spirit   .     p - +0 pair of gloves
rMut   .         Warding  .     j - +0 pair of boots
Saprov . . .     Stasis   .     (no amulet)
MR     .....                    (no ring)
                                e - ring of stealth

@: invisible, drained, not resistant to hostile enchantments, extremely
unstealthy
A: mutation resistance 1, slow metabolism 1
a: no special abilities


You were on level 6 of the Dungeon.
You were not hungry.

You visited 1 branch of the dungeon, and saw 6 of its levels.

You collected 174 gold pieces.

Inventory:

Hand weapons
 a - a +4,+2 crossbow (weapon)
 s - a +0,+0 crossbow
 t - a +3,+3 mace of freezing
Missiles
 c - 31 bolts (quivered)
 k - 24 darts of frost
 o - 15 darts of flame
Armour
 j - a +0 pair of boots (worn)
 p - a +0 pair of gloves (worn)
 r - a +2 chain mail (worn)
Comestibles
 d - 3 bread rations
 l - a meat ration
 n - 3 chunks of giant frog flesh
Scrolls
 f - a scroll of random uselessness {unknown}
 g - 5 scrolls of noise
 h - a scroll of enchant weapon I
 i - a scroll of amnesia {unknown}
 u - a scroll of blinking
Jewellery
 e - a ring of stealth (left hand)
Potions
 q - 2 potions of confusion {unknown}
Books
 b - a Young Poisoner's Handbook

   Spells                             Type                      Level
   Sting                              Conjuration/Poison           1
   Cure Poison                        Poison                       2
   Mephitic Cloud                     Conjuration/Poison/Air       3
   Olgreb's Toxic Radiance            Poison                       4
   Venom Bolt                         Conjuration/Poison           5


   Skills:
 * Level 4.2(4.1) Fighting
 + Level 3.3(3.2) Crossbows
 + Level 2.4(2.3) Armour
 + Level 3.2(3.1) Dodging
 + Level 2.8(2.7) Translocations
   Level 2.0(1.9) Ice Magic
   Level 1.0(0.9) Earth Magic
   Level 2.1(2.0) Evocations


You had 5 spell levels left.
You knew the following spells:

 Your Spells              Type           Power        Failure   Level  Hunger
a - Apportation           Tloc           #.........   100%        1    ##.....


Dungeon Overview and Level Annotations

Branches:
Dungeon (6/15)
 Temple: D:4-7

Altars:

Annotations:
D:3 hunterx7d's ghost, average LOBe
D:6 Menkaure


Innate Abilities, Weirdness & Mutations

You are small and have problems with some larger weapons.
You are somewhat resistant to further mutation.
You have a slow metabolism.


Message History

The ogre is heavily wounded.
The ogre barely misses you.
Firing (i - inventory. (,) - cycle):
c - 33 bolts (quivered)
Press: ? - help, Shift-Dir - straight line, f/p - ogre
Aim: an ogre, wielding a giant spiked club (heavily wounded)
You shoot a bolt. The bolt hits the ogre.
The ogre is heavily wounded.
The ogre hits you with a giant spiked club!
Ouch! That really hurt!
Firing (i - inventory. (,) - cycle):
c - 32 bolts (quivered)
Press: ? - help, Shift-Dir - straight line, f/p - ogre
Aim: an ogre, wielding a giant spiked club (heavily wounded)
You shoot a bolt. The bolt hits the ogre.
The ogre is heavily wounded.
The ogre hits you with a giant spiked club!
* * * LOW HITPOINT WARNING * * *
Drink which item? (? for menu, Esc to quit)
You fade into invisibility!
The ogre hits you with a giant spiked club!
You die...

#........########
#.##............# #
##.#.#######.# #.#.# #.#
#.###[#'## #.# #........##
#.# #####....>## #.### #
##.......## #.#.##
.#...####@.......)###.....
........O..............<..
.#...####.........(##.....
# .........#.##.#.#.
####.....##.##.....
##...##[.##.##.. #..##
#.##.# .. .. ##.#.# ..
.... ..


You could see an ogre.

Vanquished Creatures
  A giant frog (D:5)
  4 wights (D:6)
  A hound (D:4)
  A crimson imp (D:5)
  2 orc wizards (D:4)
  A worker ant (D:5)
  An ogre skeleton (D:4)
  3 gnolls (D:4)
  4 adders
  A giant mite (D:3)
  A worm (D:3)
  2 giant geckos
  7 orcs
  5 ball pythons
  5 bats
  5 goblins
  3 hobgoblins
  4 quokkas
  2 giant cockroaches
  4 giant newts
  3 jackals (D:1)
  6 kobolds
  A kobold skeleton (D:5)
  6 rats
73 creatures vanquished.

Vanquished Creatures (others)
  An orc wizard (D:4)
1 creature vanquished.

Grand Total: 74 creatures vanquished

Notes
Turn   | Place    | Note
--------------------------------------------------------------
     0 | D:1      | 4tharraofdagon, the Halfling Wanderer, began the quest for the Orb.
     0 | D:1      | Reached XP level 1. HP: 13/13 MP: 1/1
    81 | D:1      | Reached XP level 2. HP: 18/18 MP: 2/2
   176 | D:2      | Reached XP level 3. HP: 17/24 MP: 4/4
   406 | D:3      | Reached skill level 1 in Dodging
   443 | D:3      | Reached XP level 4. HP: 28/30 MP: 5/5
   469 | D:3      | Noticed hunterx7d's ghost (average LOBe)
   580 | D:5      | Entered Level 5 of the Dungeon
   586 | D:5      | Paralysed by a potion of paralysis for 3 turns
   713 | D:4      | Reached XP level 5. HP: 18/36 MP: 6/6
   843 | D:4      | Reached skill level 1 in Translocations
   906 | D:4      | Reached skill level 3 in Fighting
   957 | D:4      | Reached XP level 6. HP: 18/42 MP: 8/8
   968 | D:4      | Got a warped plate armour
   988 | D:4      | Identified the cursed -5 plate armour of Activism {rElec} (You took it off an orc on level 4 of the Dungeon)
  1324 | D:6      | Reached XP level 7. HP: 47/47 MP: 9/9
  1337 | D:6      | Reached skill level 4 in Fighting
  1357 | D:6      | Noticed Menkaure
  1577 | D:5      | Noticed a giant frog
  1595 | D:5      | Killed a giant frog
  1733 | D:6      | Slain by an ogre

Action                   |  1- 3 |  4- 6 |  7- 9 || total
-------------------------+-------+-------+-------++-------
Melee: Crossbow          |       |     1 |       ||     1
       Mace              |       |       |    27 ||    27
 Fire: Crossbow          |    59 |    84 |    22 ||   165
  Use: Potion            |       |     5 |     3 ||     8
       Scroll            |       |     8 |       ||     8
